 Dungeon Crawl Stone Soup version 0.23-a0-558-g30802b1 (webtiles) character file.

368588 MalarOregon the Eclecticist (level 22, -5/178 HPs)
             Began as a Merfolk Ice Elementalist on Dec 5, 2018.
             Was a High Priest of Sif Muna.
             Slain by a deep troll earth mage (14 damage)
             ... led by an ironheart preserver
             ... on level 4 of the Vaults on Dec 12, 2018.
             The game lasted 06:52:01 (103898 turns).

MalarOregon the Eclecticist (MfIE)                Turns: 103898, Time: 06:52:02

Health: -5/178     AC: 15    Str: 13    XL:     22   Next: 61%
Magic:  28/42      EV: 19    Int: 38    God:    Sif Muna [*****.]
Gold:   1523       SH: 15    Dex: 21    Spells: 8/53 levels left

rFire    + + .     SeeInvis .   N - staff of cold
rCold    + . .     Gourm    .   F - +3 shield {reflect}
rNeg     . . .     Faith    .   y - +2 robe {rC+ rF+}
rPois    +         Spirit   .   K - +2 hat {Int+3}
rElec    .         Reflect  +   b - +2 cloak
rCorr    .         Harm     .   Z - +2 pair of gloves {Dex+3}
MR       ++...                  B - +2 pair of boots {Stlth+}
Stlth    ++........             E - amulet of the acrobat
HPRegen  0.39/turn              I - ring "Leligoh" {rPois rF+ Int+4}
MPRegen  0.28/turn              c - ring of Qaygheno {+Fly rC- MR+ Int+9 Stlth-}

@: studying 2 skills, drained, divine energy
A: change form in water, swift swim, stealthy swim, antennae 2, agile 1, strong
2
}: 2/15 runes: serpentine, barnacled
a: Stop Divine Energy, Channel Magic, Forget Spell, Renounce Religion, Evoke
Flight


You were on level 4 of the Vaults.
You worshipped Sif Muna.
Sif Muna was extremely pleased with you.
You were not hungry.

You visited 8 branches of the dungeon, and saw 40 of its levels.
You visited the Abyss 2 times.
You also visited: Bailey and Volcano.

You collected 5536 gold pieces.
You spent 4013 gold pieces at shops.

Inventory:

Missiles
 w - 5 throwing nets (quivered) {!f}
Armour
 b - a +2 cloak (worn)
   (You took it off a red draconian in a volcano)
 y - a +2 robe of resistance (worn)
   (You took it off an orc sorcerer on level 3 of the Vaults)
 B - a +2 pair of boots of stealth (worn)
   (You bought it in a shop on level 6 of the Dungeon)
 F - a +3 shield of reflection (worn)
   (You took it off Donald on level 3 of the Elven Halls)
 K - a +2 hat of intelligence (worn)
   (You took it off Gastronok on level 12 of the Dungeon)
 Z - a +2 pair of gloves of dexterity (worn)
   (You acquired it on level 3 of the Snake Pit)
Magical Staves
 N - an uncursed staff of cold (weapon)
   (You acquired it on level 2 of the Orcish Mines)
Jewellery
 c - the ring of Qaygheno (right hand) {+Fly rC- MR+ Int+9 Stlth-}
   (You found it on level 4 of the Vaults)

   [ring of protection from magic]

   It affects your intelligence (+9).
   It makes you vulnerable to cold.
   It affects your resistance to hostile enchantments.
   It lets you fly.
   It makes you less stealthy.
 i - an uncursed ring of protection from fire
   (You took it off an ironbrand convoker on level 4 of the Vaults)
 o - an uncursed ring of protection from cold
   (You found it on level 5 of the Dungeon)
 E - an amulet of the acrobat (around neck)
   (You found it on level 6 of the Dungeon)
 I - the ring "Leligoh" (left hand) {rPois rF+ Int+4}
   (You bought it in a shop on level 2 of the Elven Halls)

   [ring of protection from fire]

   It affects your intelligence (+4).
   It protects you from fire.
   It protects you from poison.
Wands
 d - a wand of iceblast (39)
   (You found it on level 9 of the Dungeon)
 g - a wand of clouds (7)
   (You took it off an orc on level 2 of the Vaults)
 t - a wand of flame (75)
   (You found it on level 9 of the Dungeon)
 u - a wand of paralysis (22)
   (You found it on level 2 of the Elven Halls)
 v - a wand of digging (10)
   (You found it on level 4 of the Shoals)
 x - a wand of acid (5)
   (You found it on level 3 of the Lair of Beasts)
 A - a wand of polymorph (34)
   (You took it off Natasha on level 3 of the Dungeon)
Scrolls
 j - 4 scrolls of fog
 k - 19 scrolls of teleportation {@r4}
 s - 8 scrolls of blinking
 z - 4 scrolls of vulnerability {!r}
 M - 8 scrolls of fear
 P - 6 scrolls of magic mapping
 Q - 16 scrolls of identify {@r1}
 W - 20 scrolls of remove curse {@r2}
 X - 2 scrolls of immolation {!r}
Potions
 a - 12 potions of curing {@q1}
 f - 2 potions of heal wounds {@q2}
 h - 11 potions of might
 l - 5 potions of mutation {!q}
 n - 6 potions of lignification {!q}
 p - 9 potions of flight
 D - 6 potions of berserk rage
 H - 2 potions of resistance
 O - 5 potions of brilliance
 R - 5 potions of agility
 S - a potion of magic
 T - 2 potions of haste {@q3}
 V - 3 potions of invisibility
Books
 m - a manual of Unarmed Combat {!d}
   (You found it on level 3 of the Elven Halls)
 J - a manual of Translocations {!d}
   (You found it on level 3 of the Elven Halls)
Miscellaneous
 C - a phantom mirror
Comestibles
 e - 29 rations {!d}


   Skills:
 + Level 16.2(14.7) Fighting
 * Level 11.1(9.8) Staves
 - Level 4.0(2.9) Armour
 - Level 11.0(9.6) Dodging
 - Level 2.1(1.1) Stealth
 + Level 10.6(9.3) Shields
 + Level 16.2(14.7) Spellcasting
 + Level 12.4(11.0) Conjurations
 - Level 6.0(4.8) Hexes
 - Level 12.0(10.6) Summonings
 + Level 8.2(7.0) Translocations
 + Level 15.9(14.4) Ice Magic
 - Level 2.0(0.9) Air Magic
 + Level 8.9(7.6) Evocations


You had 8 spell levels left.
You knew the following spells:

 Your Spells              Type           Power        Failure   Level  Hunger
a - Freeze                Ice            ####         0%          1    None
b - Tukima's Dance        Hex            ######..     1%          3    None
c - Throw Icicle          Conj/Ice       ########     1%          4    None
d - Summon Ice Beast      Ice/Summ       ########     1%          4    None
e - Ozocubu's Refrigerat  Ice            ########..   1%          6    None
f - Bolt of Cold          Conj/Ice       ########..   1%          6    None
g - Freezing Cloud        Conj/Ice/Air   #######...   11%         6    None
h - Shadow Creatures      Summ           N/A          4%          6    None
i - Blink                 Tloc           N/A          1%          2    None
n - Summon Butterflies    Summ           #######.     1%          1    None
x - Throw Frost           Conj/Ice       ######       1%          2    None
z - Summon Lightning Spi  Summ/Air       ######..     2%          4    None

Your spell library contained the following spells:

 Spells                   Type           Power        Failure   Level  Hunger
 Apportation              Tloc           ######       1%          1    None
 Confusing Touch          Hex            ######       1%          1    None
 Corona                   Hex            ######.      1%          1    None
 Flame Tongue             Conj/Fire      #####        1%          1    None
 Magic Dart               Conj           ####         1%          1    None
 Shock                    Conj/Air       ####         1%          1    None
 Sting                    Conj/Pois      ####         1%          1    None
 Summon Small Mammal      Summ           ####         1%          1    None
 Call Imp                 Summ           #######.     1%          2    None
 Ensorcelled Hibernation  Hex/Ice        ######       1%          2    None
 Searing Ray              Conj           ######       1%          2    None
 Shroud of Golubria       Chrm/Tloc      ######....   1%          2    None
 Slow                     Hex            ######..     1%          2    None
 Throw Flame              Conj/Fire      ######       1%          2    None
 Call Canine Familiar     Summ           #######.     1%          3    None
 Confuse                  Hex            ######..     1%          3    None
 Conjure Flame            Conj/Fire      ######..     1%          3    None
 Dazzling Spray           Conj/Hex       ######       1%          3    None
 Gell's Gravitas          Tloc           ######....   1%          3    None
 Lesser Beckoning         Tloc           ######....   1%          3    None
 Mephitic Cloud           Conj/Pois/Air  ######..     1%          3    None
 Ozocubu's Armour         Chrm/Ice       #######.     1%          3    None
 Portal Projectile        Hex/Tloc       ######       1%          3    None
 Recall                   Summ/Tloc      N/A          1%          3    None
 Static Discharge         Conj/Air       ######..     1%          3    None
 Stone Arrow              Conj/Erth      ######       1%          3    None
 Summon Guardian Golem    Hex/Summ       ######..     1%          3    None
 Teleport Other           Tloc           ######..     1%          3    None
 Force Lance              Conj/Tloc      #######.     1%          4    None
 Fulminant Prism          Conj/Hex       ######....   1%          4    None
 Ice Form                 Ice/Tmut       #######.     1%          4    None
 Iskenderun's Mystic Bla  Conj           #######.     1%          4    None
 Passage of Golubria      Tloc           N/A          1%          4    None
 Aura of Abjuration       Summ           #######...   1%          5    None
 Metabolic Englaciation   Hex/Ice        ########..   1%          5    None
 Summon Demon             Summ           #######...   1%          5    None
 Summon Forest            Summ/Tloc      #######...   1%          5    None
 Animate Skeleton         Necr           N/A          2%          1    None
 Beastly Appendage        Tmut           ####..       2%          1    None
 Pain                     Necr           ####         2%          1    None
 Sandblast                Erth           ####..       2%          1    None
 Inner Flame              Hex/Fire       #####...     2%          3    None
 Sticky Flame             Conj/Fire      ######..     2%          4    None
 Corpse Rot               Necr           N/A          3%          2    None
 Passwall                 Tmut/Erth      ####....     3%          2    None
 Poisonous Vapours        Pois/Air       ####..       3%          2    None
 Sticks to Snakes         Tmut           ####....     3%          2    None
 Sublimation of Blood     Necr           ####......   3%          2    None
 Cause Fear               Hex            ######....   3%          4    None
 Summon Mana Viper        Hex/Summ       ######..     3%          5    None
 Lightning Bolt           Conj/Air       ######....   6%          5    None
 Ignite Poison            Fire/Tmut/Pois ####....     8%          3    None
 Regeneration             Chrm/Necr      ####......   8%          3    None
 Spider Form              Tmut/Pois      ####......   8%          3    None
 Bolt of Draining         Conj/Necr      ######....   8%          5    None
 Fireball                 Conj/Fire      ######....   8%          5    None
 Irradiate                Conj/Tmut      ######....   8%          5    None
 Iskenderun's Battlesphe  Conj/Chrm      ######..     8%          5    None
 Venom Bolt               Conj/Pois      ######....   8%          5    None
 Leda's Liquefaction      Hex/Erth       #####.....   10%         4    None
 Bolt of Magma            Conj/Fire/Erth ######....   16%         5    None
 Simulacrum               Ice/Necr       #######...   21%         6    None
 Silence                  Hex/Air        ######....   22%         5    None
 Dispersal                Tloc           ######....   22%         6    None
 Orb of Destruction       Conj           #######...   22%         7    ####...
 Olgreb's Toxic Radiance  Pois           ####....     26%         4    None
 Petrify                  Tmut/Erth      ####....     26%         4    None
 Yara's Violent Unravell  Hex/Tmut       #####.....   26%         5    None
 Spellforged Servitor     Conj/Summ      #######...   26%         7    ####...
 Monstrous Menagerie      Summ           #######...   28%         7    ####...
 Summon Greater Demon     Summ           #######...   28%         7    ####...
 Summon Hydra             Summ           #######...   28%         7    ####...
 Bolt of Fire             Conj/Fire      ######....   38%         6    None
 Iron Shot                Conj/Erth      ######....   38%         6    None
 Invisibility             Hex            ######..     47%         6    None
 Malign Gateway           Summ/Tloc      #######...   50%         7    ####...
 Agony                    Necr           ####....     56%         5    None
 Alistair's Intoxication  Tmut/Pois      ####....     56%         5    None
 Blade Hands              Tmut           ####......   56%         5    None
 Borgnjor's Vile Clutch   Necr/Erth      ####......   56%         5    None
 Dispel Undead            Necr           ####....     56%         5    None
 Excruciating Wounds      Chrm/Necr      ####......   56%         5    None
 Lee's Rapid Deconstruct  Erth           ####......   56%         5    None
 Summon Horrible Things   Summ           #######...   91%         8    #####..
 Haunt                    Necr/Summ      ######....   94%         7    ####...
 Deflect Missiles         Chrm/Air       ####......   97%         6    None
 Death Channel            Necr           ####......   98%         6    None
 Hydra Form               Tmut           ####......   98%         6    None
 Ring of Flames           Chrm/Fire      ####......   100%        7    ####...
 Chain Lightning          Conj/Air       ######....   100%        8    #####..
 Death's Door             Chrm/Necr      ####......   100%        8    #####..
 Discord                  Hex            ######....   100%        8    #####..
 Disjunction              Tloc           ######....   100%        8    #####..
 Ignition                 Fire           ####......   100%        8    #####..
 Dragon's Call            Summ           #######...   100%        9    #######
 Glaciate                 Conj/Ice       ########..   100%        9    #######


Dungeon Overview and Level Annotations

Branches:
Dungeon (15/15)            Temple (1/1) D:5            Lair (6/6) D:10
 Shoals (4/4) Lair:2        Snake (4/4) Lair:4        Slime (0/5) Lair:6
    Orc (2/2) D:11            Elf (3/3) Orc:2        Vaults (5/5) D:13
  Crypt (0/3) Vaults:2     Depths (0/5) D:15

Altars:
Ashenzari
Cheibriados
Dithmenos
Elyvilon
Fedhas
Gozag
Hepliaklqana
Kikubaaqudgha
Makhleb
Nemelex Xobeh
Okawaru
Qazlal
Ru
Sif Muna
Trog
Uskayaw
Vehumet
Wu Jian
Xom
Yredelemnul
Zin
The Shining One
Beogh
Jiyva

Shops:
D:6 [   D:12 !   D:14 =   Orc:2 :*(?   Elf:2 ?*[   Elf:3 }   Vaults:2 (

Portals:
Pandemonium: Orc:2
Trove: Elf:1 (give +3 storm dragon scales)

Annotations:
Elf:2 Asterion


Innate Abilities, Weirdness & Mutations

You revert to your normal form in water.
You are very nimble and swift while swimming.
You are very stealthy in the water. (Stealth+)
You have a pair of antennae on your head.
You are agile. (Dex +2)
Your muscles are very strong. (Str +4)


Message History

The runic seals fade away.
You block the ironheart preserver's attack.
The yaktaur captain shoots a bolt.
You reflect the bolt off your +3 shield of reflection!
The bolt hits the yaktaur captain!!
The vault guard hits you with a +0 bardiche!
* * * LOW HITPOINT WARNING * * *
A yaktaur comes into view.
The vault sentinel blows a loud note on a signal horn!
The deep troll earth mage barely misses you. x2
You block the deep troll earth mage's attack.
The vault guard completely misses you.
A yaktaur comes into view.
You hear a shout!
You hear a deafening roar!
You hear a shout! x4
You hear a deafening roar!
You hear a shout!
Unknown command.
The vault guard hits you but does no damage.
You feel drained.
The shadow dragon completely misses you.
You block the shadow dragon's attack.
The shadow dragon completely misses you.
The deep elf annihilator points at you and mumbles some strange words.
The crystal spear hits you!
* * * LOW HITPOINT WARNING * * *
The deep troll earth mage bites you!
* * * LOW HITPOINT WARNING * * *
The deep troll earth mage closely misses you.
You block the deep troll earth mage's attack.
The ironheart preserver hits you with a +0 great mace!
* * * LOW HITPOINT WARNING * * *
The yaktaur captain shoots a bolt.
The bolt misses you.
The bolt barely misses the deep troll earth mage.
You block the vault guard's attack. The vault guard completely misses you.
You climb upwards.
There is a stone staircase leading down, spattered with blood here.
Unknown command.
Unknown command.
You feel much better. The shadow dragon closely misses you.
The shadow dragon claws you but does no damage.
You block the shadow dragon's attack.
The vault guard hits you with a +3 long sword of draining!
* * * LOW HITPOINT WARNING * * *
You feel drained.
* * * LOW HITPOINT WARNING * * *
The deep elf annihilator gestures at you while chanting.
Your +3 shield of reflection reflects the poison arrow!
The poison arrow hits the deep elf annihilator.
The deep elf annihilator looks as sick as possible!
The deep troll earth mage misses you. The deep troll earth mage claws you!
You die...

.......#.(.......# #......#
########.).......# #......#
########'#######+# #......#
#......)()..# ##.## #######'#####
#....[.([...###...###..........##
#####...######.....##....##....#.
#...(...#...+.......#....##....#.
#...#...'...#..eDp..+..........#.
#...#...#...#..p@T..#.##.##.##.'.
#...#.).#...#..pp[..#.##.##.##.#.
#...#...#...#.......#..........#.
#####..(######.....##[...##....#.
#...........###[[.###....##....#.
#.......[...# ##.## #..........#.
##########'####### ############.
#.....[.# ## #.......# ######


You could see a shadow dragon, an ironheart preserver, 3 vault guards, a deep
elf annihilator and a deep troll earth mage.

Vanquished Creatures
  Mara (Vaults:2)
  Jory (Vaults:4)
  Asterion (Elf:2)
  2 deep elf blademasters (Elf:2)
  A lich (Abyss:2)
  2 deep elf master archers (Elf:3)
  3 krakens
  5 tentacled starspawn
  The ghost of Ziduzaa the Impaler, an adept MfIE of Makhleb (Snake:4)
  A tengu reaver (Vaults:1)
  4 nagarajas
  Donald (Elf:3)
  2 frost giants (Vaults:4)
  Louise (D:15)
  2 fire giants (Vaults:4)
  5 deep elf sorcerers (Elf:3)
  10 ironheart preservers
  9 vault wardens
  The ghost of Qenoimudgh the Unseen, an adept FeMo of Yredelemnul (Vaults:4)
  The ghost of Qenoimudgh the Unseen, an adept FeMo of Yredelemnul (Vaults:4)
  5 deep elf elementalists
  4 stone giants
  A very ugly thing (Vaults:3)
  A reaper (Abyss:3)
  An entropy weaver (Vaults:3)
  A war gargoyle (Vaults:1)
  4 deep elf demonologists
  7 deep elf annihilators
  3 dire elephants (Lair:6)
  A red draconian (Volcano)
  2 ettins
  2 merfolk javelineers (Shoals:4)
  9 deep elf death magi
  8 merfolk impalers
  A fire dragon (Vaults:1)
  4 yaktaur captains
  5 great orbs of eyes
  8 deep elf high priests
  4 rakshasas
  28 vault guards
  2 naga warriors (Snake:2)
  An ice dragon (Vaults:2)
  9 two-headed ogres
  6 anacondas
  8 centaur warriors
  2 hydras
  6 merfolk avatars
  4 satyrs
  6 merfolk aquamancers
  A death knight (Vaults:2)
  5 ogre magi
  29 dancing weapons
  A vampire mage (Vaults:2)
  5 shock serpents
  6 thrashing horrors
  3 orc high priests
  5 large abominations
  A sun demon (Abyss:4)
  A soul eater (Vaults:2)
  2 shadow wraiths
  15 deep elf knights
  A sea snake (shapeshifter) (Vaults:3)
  3 wretched stars
  A deep troll (shapeshifter) (Vaults:1)
  12 sea snakes
  4 unseen horrors
  7 deep trolls (Vaults:4)
  A naga ritualist (Snake:4)
  4 flayed ghosts
  2 wizards
  14 orc knights
  5 deep elf archers
  2 glowing orange brains
  14 ironbrand convokers
  A tengu zombie (Vaults:2)
  5 harpies
  9 wolf spiders
  36 deep elf magi
  2 necromancers
  2 mana vipers
  4 orc sorcerers
  An orb spider (shapeshifter) (Elf:1)
  16 ugly things
  A wolf spider (shapeshifter) (Vaults:1)
  6 fauns
  3 cyclopes
  A fire giant zombie (Abyss:3)
  2 salamanders
  4 centaur zombies
  3 elephants
  A stone giant zombie (Vaults:2)
  13 manticores
  A sphinx skeleton (Vaults:2)
  15 black mambas
  5 naga magi
  2 gargoyles
  A worldbinder (Abyss:2)
  12 vault sentinels
  3 guardian serpents (Snake:4)
  4 water nymphs
  A guardian serpent (shapeshifter) (Vaults:3)
  8 merfolk sirens
  Joseph (D:10)
  5 spiny frogs
  2 hellions
  A komodo dragon (Lair:1)
  A demonic crawler (Abyss:2)
  4 freezing wraiths
  3 efreet
  25 yaktaurs
  A yaktaur (shapeshifter) (Vaults:4)
  An ancient zyme (Abyss:2)
  2 hellwings (Orc:2)
  4 trolls
  A queen bee (shapeshifter) (Vaults:3)
  16 merfolk
  2 jumping spiders
  6 wind drakes
  3 harpy skeletons
  4 raiju
  6 slime creatures
  9 hippogriffs
  A blink frog (shapeshifter) (Elf:2)
  3 hornets
  A hippogriff (shapeshifter) (Vaults:3)
  8 snapping turtles
  A redback (Vaults:2)
  An air elemental (Elf:2)
  4 flying skulls (D:10)
  5 shadows
  2 wyverns
  A tarantella (shapeshifter) (Elf:2)
  15 water elementals
  11 wraiths
  15 yaks
  A basilisk (shapeshifter) (Vaults:1)
  A yak (shapeshifter) (Vaults:1)
  A fire elemental (Elf:3)
  2 hogs (D:7)
  A basilisk (Abyss:3)
  A hungry ghost (D:14)
  4 chaos spawn
  5 vampire mosquitoes
  Menkaure (D:6)
  A spatial vortex (Abyss:3)
  3 wargs
  10 nagas
  2 acid dragons
  A soldier ant (D:11)
  3 porcupines
  22 orc warriors
  7 water moccasins
  3 ice beasts
  6 sky beasts
  An eye of draining (shapeshifter) (Vaults:3)
  2 eyes of draining
  A necrophage (D:7)
  18 ogres
  5 boggarts (Vaults:1)
  20 centaurs
  3 wolves (Lair:1)
  6 crocodiles
  2 big kobolds
  3 small abominations (Abyss:2)
  4 earth elementals
  14 bullfrogs
  An ogre simulacrum (Vaults:1)
  An elf skeleton (D:7)
  A water moccasin zombie (D:12)
  3 scorpions
  A wyvern skeleton (D:11)
  A water moccasin skeleton (D:6)
  A killer bee (D:11)
  9 wights
  12 electric eels
  4 howler monkeys
  A crimson imp (D:8)
  2 starcursed masses (Abyss:2)
  5 human zombies
  A quasit (D:8)
  5 bullfrog zombies
  4 centaur skeletons
  8 hounds
  8 jellies
  6 orc priests
  3 bullfrog skeletons
  A gnoll shaman (D:4)
  14 orc wizards
  4 iron imps
  2 iguanas
  3 human skeletons (D:7)
  10 worker ants
  Natasha (thrice) (D:3)
  2 hound zombies (D:5)
  2 hound skeletons
  27 gnolls
  10 adders
  2 howler monkey skeletons
  4 shadow imps
  A white imp (Abyss:2)
  An ufetubus (Abyss:3)
  An ooze (D:3)
  2 adder zombies
  4 adder skeletons
  2 worms
  3 dart slugs
  4 leopard geckos
  76 orcs
  6 bats
  4 goblins
  10 hobgoblins
  4 jackals (D:4)
  30 kobolds
  3 quokkas
  2 ball pythons
  5 frilled lizards
  A leopard gecko skeleton (D:4)
  An orc skeleton (Abyss:3)
  A quokka zombie (D:10)
  5 rats
  A crawling corpse (Vaults:3)
  2 plants (Lair:6)
  A tentacle (Shoals:2)
1153 creatures vanquished.

Vanquished Creatures (collateral kills)
  Sojobo (Vaults:2)
  Nikola (Snake:3)
  Rupert (D:15)
  Gastronok (D:12)
  A tengu reaver (Vaults:2)
  A shadow dragon (D:11)
  Kirke (Snake:4)
  9 nagarajas
  2 deep elf sorcerers (Elf:3)
  A deep elf elementalist (Elf:1)
  The ghost of Azzok the Severer, a journeyman GrFi of Okawaru (D:15)
  2 ironheart preservers (Vaults:1)
  A very ugly thing (Vaults:3)
  An entropy weaver (Vaults:2)
  3 dire elephants (Lair:6)
  Azrael (Snake:3)
  A deep elf death mage (Elf:2)
  An ettin (D:12)
  Josephine (Lair:5)
  3 merfolk javelineers (Shoals:4)
  2 deep elf high priests (Elf:3)
  A yaktaur captain (D:15)
  7 vault guards
  6 naga warriors
  12 hydras
  An ice dragon (Vaults:3)
  2 centaur warriors
  11 anacondas
  2 merfolk aquamancers (Shoals:1)
  A death knight (D:13)
  3 two-headed ogres
  A satyr (Shoals:2)
  A death yak (Lair:5)
  A deep troll earth mage (D:12)
  3 orc high priests (Orc:2)
  6 naga sharpshooters
  3 thrashing horrors
  Urug (D:12)
  4 shock serpents
  A soul eater (Orc:1)
  5 deep elf knights
  A sixfirhy (Orc:2)
  5 naga ritualists
  2 gelid demonspawn (Orc:2)
  A glowing orange brain (Vaults:1)
  A flayed ghost (Vaults:4)
  2 deep elf archers
  A torturous demonspawn (Orc:2)
  2 phantasmal warriors
  2 necromancers (D:10)
  3 orc sorcerers (Orc:2)
  3 orc knights (Orc:2)
  3 harpies
  3 salamanders
  3 oklob plants (Lair:6)
  7 mana vipers
  4 manticores
  4 ugly things
  3 cyclopes
  3 fauns
  12 deep elf magi
  14 elephants
  13 guardian serpents
  17 black mambas
  A centaur zombie (D:10)
  A torpor snail (Lair:5)
  9 spiny frogs
  2 water nymphs (Shoals:1)
  5 naga magi (Snake:4)
  An orange demon (Orc:2)
  2 rime drakes
  5 komodo dragons
  5 yaktaurs
  A red devil (Orc:2)
  A tengu conjurer (D:13)
  4 trolls
  A polar bear (Lair:1)
  8 slime creatures
  2 raiju
  2 wind drakes
  A meliai (D:13)
  A blink frog (Lair:1)
  2 snapping turtles
  6 hippogriffs
  A large abomination (Abyss:4)
  14 dream sheep
  A vampire (D:12)
  4 water elementals
  A redback (Vaults:2)
  A wyvern (Lair:5)
  2 wraiths
  A human (D:7)
  3 basilisks
  11 yaks
  6 hogs
  6 fire elementals
  3 hungry ghosts
  2 vampire mosquitoes (D:14)
  A neqoxec (Orc:2)
  5 acid dragons
  22 nagas
  A chaos spawn (Orc:1)
  14 two-headed ogre zombies (Orc:1)
  2 wargs (Orc:1)
  2 hell hounds (Snake:3)
  A porcupine (Lair:3)
  8 water moccasins
  A phantom (D:12)
  15 orc warriors
  A black bear (D:12)
  An eye of draining (D:11)
  8 ogres
  7 centaurs
  4 crocodiles
  A big kobold (D:14)
  A small abomination (Abyss:3)
  2 bullfrogs
  3 wights (D:12)
  5 killer bees
  2 howler monkeys (D:8)
  2 electric eels
  2 crimson imps
  4 quasits
  3 centaur skeletons
  26 orc priests
  A bullfrog skeleton (D:12)
  An iron imp (Abyss:3)
  3 orc wizards
  A worker ant (D:14)
  Crazy Yiuf (D:7)
  A howler monkey skeleton (D:10)
  An adder (Lair:4)
  A white imp (Abyss:3)
  36 orcs
  2 kobolds (D:14)
  3 fungi (Lair:6)
  A plant (Shoals:1)
  A tentacle (Shoals:2)
530 creatures vanquished.

Vanquished Creatures (others)
  A stone giant (Vaults:4)
  Erolcha (Orc:1)
  3 dancing weapons
  A deep elf knight (Elf:2)
  2 unseen horrors
  2 deep elf archers
  A cyclops (Vaults:2)
  3 yaktaurs
  2 raiju
  A small abomination (Abyss:3)
  A human (Snake:4)
  A bush (Lair:5)
  5 fungi (Lair:6)
  12 plants
  9 starspawn tentacles
  18 tentacles (Shoals:2)
63 creatures vanquished.

Grand Total: 1746 creatures vanquished

Notes
Turn   | Place    | Note
-------+----------+-------------------------------------------
     0 | D:1      | MalarOregon the Merfolk Ice Elementalist began the quest
                  | for the Orb.
     0 | D:1      | Reached XP level 1. HP: 13/13 MP: 3/3
   381 | D:1      | Reached XP level 2. HP: 19/19 MP: 3/5
   385 | D:1      | Learned a level 2 spell: Throw Frost
   908 | D:2      | Reached skill level 1 in Conjurations
   943 | D:2      | Reached XP level 3. HP: 24/24 MP: 0/6
  1938 | D:3      | Noticed Natasha
  1949 | D:3      | Killed Natasha
  1949 | D:3      | Reached XP level 4. HP: 17/30 MP: 3/8
  2141 | D:3      | Noticed Natasha
  2152 | D:3      | Killed Natasha
  2424 | D:3      | Reached XP level 5. HP: 35/35 MP: 4/9
  2722 | D:3      | Found a glowing golden altar of the Shining One.
  2901 | D:3      | Noticed Natasha
  2910 | D:3      | Killed Natasha
  2910 | D:3      | Reached skill level 5 in Ice Magic
  2910 | D:3      | Reached XP level 6. HP: 17/41 MP: 6/11
  3372 | D:4      | Learned a level 4 spell: Throw Icicle
  3377 | D:4      | Learned a level 4 spell: Summon Ice Beast
  3773 | D:4      | Reached XP level 7. HP: 46/46 MP: 5/13
  4387 | D:4      | Found a shadowy altar of Dithmenos.
  4399 | D:5      | Entered Level 5 of the Dungeon
  4600 | D:5      | Found a shimmering altar of Xom.
  4641 | D:5      | Found an ancient bone altar of Kikubaaqudgha.
  4653 | D:5      | Got a bloodstained robe
  4664 | D:5      | Identified the cursed +1 robe of the Last Demons {*Contam
                  | Str+3 Int+5} (You found it on level 5 of the Dungeon)
  4715 | D:5      | Reached skill level 1 in Summonings
  4811 | D:5      | Reached XP level 8. HP: 52/52 MP: 2/15
  4830 | D:4      | Reached skill level 5 in Spellcasting
  5416 | D:5      | Found a staircase to the Ecumenical Temple.
  5673 | Temple   | Entered the Ecumenical Temple
  5904 | Temple   | Became a worshipper of Sif Muna the Loreminder
  6159 | D:5      | Reached skill level 1 in Fighting
  6309 | D:5      | Reached skill level 1 in Evocations
  7168 | D:6      | Noticed Menkaure
  7200 | D:6      | Found Qenn's Antique Armour Emporium.
  7204 | D:6      | Bought a pair of runed boots for 262 gold pieces
  7378 | D:6      | Killed Menkaure
  7378 | D:6      | Reached XP level 9. HP: 32/61 MP: 8/17
  7548 | D:6      | Identified the Papyrus of Igneous Ice
  7710 | D:6      | Reached skill level 1 in Shields
  8221 | D:7      | Got a translucent rapier
  8222 | D:7      | Identified the +3 rapier of Cununn {venom, +Blink SInv
                  | Stlth-} (You found it on level 7 of the Dungeon)
  8787 | D:7      | Reached * piety under Sif Muna
  9694 | D:7      | Reached skill level 5 in Dodging
 10408 | D:7      | Reached skill level 5 in Conjurations
 10744 | D:7      | Found a basalt altar of Yredelemnul.
 11061 | D:7      | Found a runed door.
 11137 | D:7      | Reached XP level 10. HP: 71/71 MP: 6/19
 11413 | D:7      | Noticed Crazy Yiuf
 11418 | D:7      | Killed Crazy Yiuf
 11548 | D:8      | Found a shadowy altar of Dithmenos.
 11834 | D:8      | Reached ** piety under Sif Muna
 12019 | D:8      | Got a smoking turquoise ring
 12020 | D:8      | Identified the cursed ring of Nappiwio {Int+2 Dex-2 Stlth+}
                  | (You found it on level 8 of the Dungeon)
 12055 | D:8      | Got a pitted leather armour
 12434 | D:9      | Found a flagged portal.
 12443 | Bailey   | Entered a bailey
 12831 | Bailey   | Noticed an orc knight
 13098 | Bailey   | Killed an orc knight
 13428 | D:9      | Identified the cursed +1 leather armour of Uskayaw's Scorn
                  | {*Contam Int+5} (You found it on level 8 of the Dungeon)
 13435 | D:9      | Gained mutation: Your spells are a little harder to cast,
                  | but a little more powerful. [potion of mutation]
 13435 | D:9      | Gained mutation: Your muscles are strong. (Str +2) [potion
                  | of mutation]
 13435 | D:9      | Gained mutation: Your muscles are very strong. (Str +4)
                  | [potion of mutation]
 13447 | D:9      | Gained mutation: You are frail. (-10% HP) [mutagenic glow]
 13556 | D:9      | Lost mutation: You are frail. (-10% HP) [potion of
                  | mutation]
 13556 | D:9      | Lost mutation: Your spells are a little harder to cast, but
                  | a little more powerful. [potion of mutation]
 13556 | D:9      | Gained mutation: You are agile. (Dex +2) [potion of
                  | mutation]
 13556 | D:9      | Gained mutation: You have a pair of small antennae on your
                  | head. [potion of mutation]
 13556 | D:9      | Gained mutation: You have a pair of antennae on your head.
                  | [potion of mutation]
 13955 | D:9      | Found a viscous altar of Jiyva.
 14303 | D:10     | Entered Level 10 of the Dungeon
 14399 | D:10     | Found a deep blue altar of Sif Muna.
 14529 | D:10     | Reached skill level 5 in Summonings
 14724 | D:10     | Reached skill level 5 in Fighting
 14878 | D:10     | Found a staircase to the Lair.
 14888 | D:10     | Noticed a five-headed hydra
 14944 | D:9      | Killed a five-headed hydra
 14944 | D:9      | Reached XP level 11. HP: 54/79 MP: 0/21
 15199 | D:10     | Noticed Joseph
 15214 | D:10     | Killed Joseph
 15214 | D:10     | Reached *** piety under Sif Muna
 15373 | D:10     | Noticed a necromancer
 15845 | D:10     | Noticed a necromancer
 15853 | D:10     | Killed a necromancer
 16350 | D:10     | Noticed an unseen horror
 16360 | D:10     | Killed an unseen horror
 17467 | D:10     | Reached **** piety under Sif Muna
 17974 | Lair:1   | Entered Level 1 of the Lair of Beasts
 18736 | Lair:1   | Reached XP level 12. HP: 89/89 MP: 10/23
 18827 | Lair:1   | Noticed an eight-headed hydra
 18848 | Lair:1   | Killed an eight-headed hydra
 19693 | Lair:2   | Upgraded the game from 0.23-a0-516-g0f8c245 to
                  | 0.23-a0-536-g5e0f5a2
 19817 | Lair:2   | Learned a level 1 spell: Summon Butterflies
 19821 | Lair:2   | Learned a level 3 spell: Tukima's Dance
 19825 | Lair:2   | Learned a level 3 spell: Conjure Flame
 19829 | Lair:2   | Learned a level 3 spell: Dazzling Spray
 19881 | Lair:2   | Found a staircase to the Shoals.
 19883 | Lair:2   | Reached ***** piety under Sif Muna
 19883 | Lair:2   | Received a gift from Sif Muna
 19883 | Lair:2   | Reached XP level 13. HP: 96/96 MP: 24/28
 19907 | Lair:2   | Learned a level 6 spell: Ozocubu's Refrigeration
 19914 | Lair:2   | Learned a level 6 spell: Bolt of Cold
 20616 | Lair:2   | Reached skill level 1 in Hexes
 22024 | Lair:4   | Reached skill level 10 in Ice Magic
 22030 | Lair:4   | Found a dark tunnel.
 22117 | Volcano  | Entered a volcano
 22250 | Volcano  | Noticed a red draconian
 22252 | Volcano  | Found a bloodstained altar of Trog.
 22718 | Volcano  | Killed a red draconian
 23505 | Lair:4   | Found a staircase to the Snake Pit.
 25181 | Lair:5   | Noticed Josephine
 25621 | Lair:5   | Killed Josephine
 26384 | Lair:5   | Reached XP level 14. HP: 106/106 MP: 20/29
 26758 | Lair:6   | Entered Level 6 of the Lair of Beasts
 27470 | Lair:6   | Identified Sif Muna's Volume of Shape Shifting and
                  | Protection (Sif Muna gifted it to you on level 6 of the
                  | Lair of Beasts)
 27470 | Lair:6   | Received a gift from Sif Muna
 27544 | Lair:6   | Got a steaming leather armour
 27626 | Lair:6   | Identified the cursed +0 leather armour of Nihilism {rElec
                  | Str+6 SInv Stlth-} (You found it on level 6 of the Lair of
                  | Beasts)
 27931 | Lair:6   | Found a staircase to the Slime Pits.
 28210 | Lair:6   | Found a viscous altar of Jiyva.
 28624 | Lair:6   | Noticed a dire elephant
 28903 | Lair:6   | Killed a dire elephant
 29071 | Lair:6   | Learned a level 1 spell: Apportation
 29073 | Lair:6   | Got a fine ring mail
 29075 | Lair:6   | Identified the +7 ring mail "Haukan" {rF+ rN+ Str-5} (You
                  | found it on level 6 of the Lair of Beasts)
 29094 | Lair:6   | Noticed a dire elephant
 29094 | Lair:6   | Noticed a dire elephant
 29104 | Lair:6   | Killed a dire elephant
 29104 | Lair:6   | Reached skill level 1 in Armour
 29109 | Lair:6   | Killed a dire elephant
 29495 | Lair:6   | Learned a level 6 spell: Freezing Cloud
 29533 | Lair:6   | Noticed a dire elephant
 29535 | Lair:6   | Noticed a dire elephant
 29578 | Lair:6   | Killed a dire elephant
 29618 | Lair:6   | Killed a dire elephant
 29733 | Lair:6   | Noticed a dire elephant
 29749 | Lair:6   | Killed a dire elephant
 31246 | D:11     | Reached skill level 10 in Fighting
 31383 | D:11     | Reached skill level 1 in Air Magic
 31786 | D:11     | Found a staircase to the Orcish Mines.
 32099 | D:12     | Upgraded the game from 0.23-a0-536-g5e0f5a2 to
                  | 0.23-a0-554-gd3cbc84
 32099 | D:12     | Upgraded the game from 0.23-a0-554-gd3cbc84 to
                  | 0.23-a0-558-g30802b1
 32763 | D:12     | Noticed Gastronok
 32787 | D:12     | Killed Gastronok
 32787 | D:12     | Reached skill level 10 in Summonings
 33623 | D:12     | Found Erosse Hiff's Distillery.
 33630 | D:12     | Bought a potion of curing for 36 gold pieces
 33630 | D:12     | Bought a potion of curing for 36 gold pieces
 33678 | D:12     | Noticed Urug
 33704 | D:12     | Killed Urug
 34598 | Orc:1    | Entered Level 1 of the Orcish Mines
 34621 | Orc:1    | Received a gift from Sif Muna
 35043 | Snake:1  | Entered Level 1 of the Snake Pit
 36054 | Snake:1  | Noticed a nagaraja
 36084 | Snake:1  | Killed a nagaraja
 36084 | Snake:1  | Reached skill level 5 in Hexes
 36084 | Snake:1  | Reached XP level 15. HP: 117/117 MP: 12/31
 39193 | Snake:3  | Identified a scroll of acquirement
 39215 | Snake:3  | Noticed Azrael
 39222 | Snake:3  | Killed Azrael
 40294 | Snake:3  | Noticed a nagaraja
 40304 | Snake:3  | Killed a nagaraja
 40444 | Snake:3  | Noticed Nikola
 40478 | Snake:3  | Killed Nikola
 41699 | Snake:4  | Entered Level 4 of the Snake Pit
 42519 | D:6      | Bought a steaming buckler for 332 gold pieces
 42519 | D:6      | Bought a tattered robe for 199 gold pieces
 42519 | D:6      | Bought a shiny ring mail for 245 gold pieces
 42519 | D:6      | Identified the +3 buckler of Moral Flaws {-Tele rElec rF+
                  | rN+} (You bought it in a shop on level 6 of the Dungeon)
 42520 | D:6      | Identified the +1 robe of Nisuew {Regen+ rCorr Str+6
                  | Stlth-} (You bought it in a shop on level 6 of the Dungeon)
 43368 | Snake:4  | Noticed a nagaraja
 43873 | Snake:4  | Killed a nagaraja
 43873 | Snake:4  | Identified Xidghodd's Collected Works on Creation and
                  | Transmigration (Sif Muna gifted it to you on level 4 of the
                  | Snake Pit)
 43873 | Snake:4  | Received a gift from Sif Muna
 44026 | Snake:4  | Found a runed door.
 44028 | Snake:4  | Found a shimmering altar of Xom.
 44028 | Snake:4  | Noticed Ziduzaa's ghost (adept MfIE)
 45055 | Snake:4  | Noticed Kirke
 45090 | Snake:4  | Noticed a nagaraja
 46193 | Snake:4  | Noticed a nagaraja
 46310 | Snake:4  | Killed a nagaraja
 46722 | Snake:4  | Reached XP level 16. HP: 127/127 MP: 19/33
 46908 | Snake:4  | Killed a nagaraja
 47133 | Snake:4  | Learned a level 4 spell: Summon Lightning Spire
 47227 | Snake:4  | Found a runed door.
 47227 | Snake:4  | Found a shimmering altar of Xom.
 47981 | Snake:4  | Found a runed door.
 47981 | Snake:4  | Found a shimmering altar of Xom.
 48377 | Snake:4  | Killed Kirke
 48690 | Snake:4  | Noticed a nagaraja
 48701 | Snake:4  | Killed a nagaraja
 49172 | Snake:4  | Noticed a nagaraja
 49173 | Snake:4  | Noticed a nagaraja
 49576 | Snake:4  | Killed a nagaraja
 49692 | Snake:4  | Noticed a nagaraja
 49709 | Snake:4  | Noticed a nagaraja
 49709 | Snake:4  | Noticed a nagaraja
 49868 | Snake:4  | Killed a nagaraja
 50081 | Snake:4  | Noticed a nagaraja
 50097 | Snake:4  | Killed a nagaraja
 50097 | Snake:4  | Identified Sif Muna's Further Progress in Casting (Sif Muna
                  | gifted it to you on level 4 of the Snake Pit)
 50097 | Snake:4  | Received a gift from Sif Muna
 50246 | Snake:4  | Noticed a nagaraja
 50255 | Snake:4  | Killed a nagaraja
 50506 | Snake:4  | HP: 6/129 [poisoned by a nagaraja]
 50511 | Snake:3  | HP: 6/129 [poisoned by a nagaraja]
 50517 | Snake:3  | HP: 6/129 [poisoned by a nagaraja]
 50525 | Snake:3  | HP: 6/129 [poisoned by a nagaraja]
 50960 | Snake:4  | Killed a nagaraja
 50987 | Snake:4  | Killed a nagaraja
 51206 | Snake:4  | Killed a nagaraja
 51320 | Snake:4  | Got a serpentine rune of Zot
 51509 | Snake:4  | Found a runed door.
 51509 | Snake:4  | Found a shimmering altar of Xom.
 52069 | Snake:4  | HP: 2/129 [Ziduzaa's ghost/puff of frost (14)]
 52095 | Snake:4  | HP: 4/129 [+0 morningstar of chaos (22)]
 53518 | Snake:4  | Killed Ziduzaa's ghost
 54759 | Orc:1    | Found a roughly hewn altar of Beogh.
 55422 | Orc:1    | Noticed Erolcha
 55451 | Orc:1    | Killed Erolcha
 55971 | Orc:2    | Entered Level 2 of the Orcish Mines
 56725 | Orc:2    | Found a staircase to the Elven Halls.
 57570 | Orc:2    | Identified Sif Muna's Tome of Creative Cold (Sif Muna
                  | gifted it to you on level 2 of the Orcish Mines)
 57570 | Orc:2    | Received a gift from Sif Muna
 57631 | Orc:2    | Found Dennineb's Magic Scroll Boutique.
 57632 | Orc:2    | Found Dafan's General Store.
 57647 | Orc:2    | Bought a scroll of amnesia for 59 gold pieces
 57647 | Orc:2    | Bought a scroll of magic mapping for 59 gold pieces
 57647 | Orc:2    | Bought a scroll of fear for 59 gold pieces
 57647 | Orc:2    | Bought a scroll of acquirement for 884 gold pieces
 57647 | Orc:2    | Bought a scroll of fear for 59 gold pieces
 57647 | Orc:2    | Bought a scroll of vulnerability for 127 gold pieces
 57828 | Orc:2    | Bought a potion of heal wounds for 75 gold pieces
 57828 | Orc:2    | Bought a scroll of blinking for 112 gold pieces
 57828 | Orc:2    | Bought a scroll of blinking for 112 gold pieces
 57892 | Orc:2    | Paralysed by an orc sorcerer for 2 turns
 58912 | Orc:2    | Found Jagro's Book Emporium.
 58912 | Orc:2    | Found Ijeydgh's Antique Weapon Shoppe.
 58912 | Orc:2    | Found a one-way gate leading to the halls of Pandemonium.
 59195 | Elf:1    | Entered Level 1 of the Elven Halls
 59205 | Elf:1    | Reached skill level 5 in Evocations
 59357 | Elf:1    | Found a portal to a secret trove of treasure.
 59915 | Orc:2    | Reached XP level 17. HP: 46/136 MP: 20/35
 60914 | D:13     | Found a gate to the Vaults.
 64863 | D:14     | Received a gift from Sif Muna
 65346 | D:14     | Found Hefih's Jewellery Shop.
 66678 | D:15     | Entered Level 15 of the Dungeon
 66678 | D:15     | Noticed Rupert
 67051 | D:15     | Noticed Louise
 67059 | D:15     | Found a runed gate.
 67059 | D:15     | Found a runed gate.
 67059 | D:15     | Found a runed gate.
 67481 | D:15     | Reached skill level 1 in Staves
 67620 | D:15     | Reached skill level 10 in Conjurations
 68095 | D:15     | Killed Rupert
 68290 | D:15     | Noticed Azzok's ghost (journeyman GrFi)
 68605 | D:15     | Killed Louise
 68786 | D:15     | Found a staircase to the Depths.
 69032 | D:15     | Killed Azzok's ghost
 69367 | Shoals:1 | Entered Level 1 of the Shoals
 69393 | Shoals:1 | Reached skill level 5 in Shields
 71351 | Shoals:2 | Reached XP level 18. HP: 115/145 MP: 13/36
 71468 | Shoals:2 | Got a crude leather armour
 71469 | Shoals:2 | Identified the +2 leather armour "Teahajag" {rPois Slay+3}
                  | (You found it on level 2 of the Shoals)
 72356 | Shoals:2 | Learned a level 6 spell: Shadow Creatures
 75005 | Shoals:4 | Entered Level 4 of the Shoals
 76068 | Shoals:4 | Reached skill level 10 in Dodging
 76506 | Shoals:4 | Identified Sif Muna's Collected Works on Stolen Souls and
                  | Orientation (Sif Muna gifted it to you on level 4 of the
                  | Shoals)
 76506 | Shoals:4 | Received a gift from Sif Muna
 77574 | Shoals:4 | Got a barnacled rune of Zot
 78401 | Elf:1    | Got a bloodstained chain mail
 79261 | Elf:2    | Reached skill level 5 in Staves
 79378 | Elf:2    | Identified the cursed +1 chain mail of the Well-Known
                  | Curses {+Blink rPois Int+4} (You found it on level 1 of the
                  | Elven Halls)
 79628 | Elf:2    | Found Ripa Moo's General Store.
 79634 | Elf:2    | Found Heicuuf's Antique Armour Boutique.
 79646 | Elf:2    | Bought the ring "Leligoh" {rPois rF+ Int+4} for 847 gold
                  | pieces
 79654 | Elf:2    | Reached XP level 19. HP: 152/152 MP: 28/37
 80360 | Elf:2    | Found Vodul's Magic Scroll Shop.
 80430 | Elf:2    | Bought a scroll of fear for 38 gold pieces
 80430 | Elf:2    | Bought a scroll of fear for 38 gold pieces
 80641 | Elf:2    | Found a runed gate.
 80641 | Elf:2    | Found a runed gate.
 80643 | Elf:2    | Found a runed gate.
 80737 | Elf:2    | Identified the cursed +0 shield of the Bells {rF++ rC-
                  | rCorr Int+2}
 80737 | Elf:2    | Noticed Asterion
 80743 | Elf:2    | Killed Asterion
 80943 | Elf:3    | Entered Level 3 of the Elven Halls
 81078 | Elf:3    | Noticed Donald
 81097 | Elf:3    | Killed Donald
 81757 | Elf:3    | Found Desacw's Gadget Shoppe.
 81956 | Elf:3    | Noticed a Tzitzimitl
 82719 | Elf:3    | Reached skill level 15 in Spellcasting
 83083 | Elf:3    | Cast into level 2 of the Abyss (a deep elf demonologist)
 83502 | Abyss:2  | Noticed a lich
 83810 | Elf:3    | Escaped the Abyss
 83816 | Elf:3    | Noticed a Brimstone Fiend
 83816 | Elf:3    | Identified Sif Muna's Grimoire of Air and the Entourage
                  | (Sif Muna gifted it to you on level 3 of the Elven Halls)
 83816 | Elf:3    | Received a gift from Sif Muna
 84324 | Elf:3    | Identified the cursed +1 quarterstaff of Qangyeq
                  | {antimagic, *Noise rC+++ rN+ Str-3}
 85683 | Elf:3    | Identified the +4 shortbow "Weow" {velocity, Int+5}
 86055 | Elf:3    | Reached XP level 20. HP: 128/160 MP: 13/39
 86177 | Elf:3    | Got a heavily runed plate armour
 86188 | Elf:3    | Identified the cursed +1 plate armour of Hedonism {rF+
                  | MR+++} (You found it on level 3 of the Elven Halls)
 86279 | Elf:3    | Got a heavily jewelled robe
 86280 | Elf:3    | Identified the cursed +1 robe "Nuysmoul" {rC+ rN+ Dex+3}
                  | (You found it on level 3 of the Elven Halls)
 86299 | Elf:3    | Got a glittering jade ring
 86304 | Elf:3    | Identified Sif Muna's Incunabulum of the Frostbite and
                  | Darkness
 86346 | Elf:3    | Identified the ring of Zinoet {Str+3 Dex+3} (You found it
                  | on level 3 of the Elven Halls)
 86558 | Elf:2    | Reached skill level 1 in Translocations
 87958 | Elf:2    | Found Heicuuf's Antique Armour Boutique.
 87959 | Elf:2    | Found Ripa Moo's General Store.
 87993 | Elf:2    | Found Vodul's Magic Scroll Shop.
 88386 | Vaults:1 | Entered Level 1 of the Vaults
 88450 | Vaults:1 | Reached skill level 15 in Fighting
 90258 | Vaults:1 | Cast into level 3 of the Abyss (a deep elf sorcerer)
 90809 | Abyss:3  | Received a gift from Sif Muna
 91281 | Abyss:4  | Noticed a bone dragon
 91350 | Abyss:4  | Noticed a bone dragon
 91550 | Abyss:4  | Reached skill level 15 in Ice Magic
 91630 | Vaults:1 | Escaped the Abyss
 92538 | Vaults:2 | Found a staircase to the Crypt.
 92737 | Vaults:2 | Reached XP level 21. HP: 136/168 MP: 2/40
 93451 | Vaults:2 | Reached skill level 5 in Translocations
 94427 | Vaults:2 | Received a gift from Sif Muna
 94755 | Vaults:2 | Noticed Sojobo
 95150 | Vaults:2 | Killed Sojobo
 95317 | Vaults:2 | Noticed Mara
 95333 | Vaults:2 | Killed Mara
 95406 | Vaults:2 | Found Atopan's Weapon Shop.
 95667 | Vaults:2 | Found a staircase to the Crypt.
 96092 | Vaults:2 | Found Atopan's Weapon Shop.
 96531 | Vaults:3 | Reached skill level 10 in Staves
 97431 | Vaults:3 | Reached skill level 10 in Shields
 98041 | Vaults:3 | Found a blossoming altar of Fedhas.
 98580 | Vaults:3 | Learned a level 2 spell: Blink
 98646 | Vaults:3 | Identified Sif Muna's Almanac of Supportive Conjuration
                  | (Sif Muna gifted it to you on level 3 of the Vaults)
 98646 | Vaults:3 | Received a gift from Sif Muna
 99257 | Vaults:4 | Identified the cursed +1 leather armour of Agoraphobia
                  | {rElec Str-3 Int+3}
 99269 | Vaults:4 | Reached XP level 22. HP: 177/177 MP: 18/42
 99667 | Vaults:4 | Found a runed gate.
 99667 | Vaults:4 | Found a runed gate.
 99667 | Vaults:4 | Found a runed gate.
 99669 | Vaults:4 | Noticed Qenoimudgh's ghost (adept FeMo)
100104 | Vaults:4 | Found the +7 longbow "Piercer" {penet, EV-2}
100832 | Vaults:4 | Noticed Jory
100863 | Vaults:4 | Killed Jory
101694 | Vaults:4 | Noticed Qenoimudgh's ghost (adept FeMo)
101718 | Vaults:4 | Killed Qenoimudgh's ghost
101725 | Vaults:4 | Killed Qenoimudgh's ghost
101742 | Vaults:4 | Got a smoking steel ring
101906 | Vaults:4 | Identified the ring of Qaygheno {+Fly rC- MR+ Int+9 Stlth-}
                  | (You found it on level 4 of the Vaults)
101954 | Vaults:5 | Entered Level 5 of the Vaults
102131 | Vaults:4 | Identified Sif Muna's Almanac of Creative Flight (Sif Muna
                  | gifted it to you on level 4 of the Vaults)
102131 | Vaults:4 | Received a gift from Sif Muna
102801 | Elf:2    | Bought a runed scarf for 224 gold pieces
102801 | Elf:2    | Bought an embroidered cloak for 210 gold pieces
103896 | Vaults:5 | HP: 8/178 [ironheart preserver/+0 great mace (17)]
103898 | Vaults:4 | Slain by a deep troll earth mage

Vault maps used:
D:1:      lemuel_arrival_broad_hall
D:2:      first_ration
D:3:      chequers_serial_rivers_micro_c, tso_altar, uniq_natasha
D:4:      kennysheep_mini
D:5:      minmay_temple_entry_slanted, basic_altar, tgw_xom
D:6:      serial_shops, shop, uniq_menkaure
D:7:      minmay_tree_intersection, grunt_livestock,
          lemuel_mausoleum_altar_yredelemnul, uniq_crazy_yiuf_cottage
D:8:      nicolae_dithmenos_shadow_blocks
D:9:      enter_bailey_2, jiyva_altar_1
D:10:     hangedman_screamer, dpeg_oklobed_lair, basic_altar, uniq_joseph
D:11:     orc_0_dummy, minmay_quadrilaterals
D:12:     minmay_klotski, serial_shops, shop, uniq_gastronok, uniq_urug
D:13:     erik_vaults_1, nzn_random_ring
D:14:     serial_shops, nicolae_shop_waterfront, wad_rectangle_vault
D:15:     grunt_enter_depths_snipers, ebering_ghost_rock_garden, uniq_rupert,
          uniq_louise
Temple:   minmay_crystal_snake_temple
Lair:1:   minmay_shattered_shrine, grunt_megastairs_3
Lair:2:   shoals_dummy_entry, grunt_megastairs_1, serial_bayou_shore_b
Lair:4:   minmay_snake_entry_six_corridors, enter_volcano_2, serial_bayou,
          serial_bayou_lake_a, serial_bayou_pond_c, serial_bayou_shore_b,
          serial_bayou_ford_a
Lair:5:   uniq_josephine
Lair:6:   due_jungle_book, slime_altar_1, infiniplex_staircase_pool_2,
          grunt_megastairs_2, minmay_lair_oklob_chamber
Shoals:1: nicolae_shoals_water_shrine
Shoals:4: shoals_end_simple
Snake:1:  nicolae_snake_nest
Snake:3:  library_closet, uniq_nikola, uniq_azrael
Snake:4:  grunt_snake_rune_serpentine_throne, ebering_ghost_xom, uniq_kirke
Orc:1:    lemuel_ogre_cave, minmay_orc_temple_c
Orc:2:    pf_orc_diabolical
Elf:1:    eino_elf_arrival_the_gate, nicolae_trove_entry_crossroad,
          hangedman_elven_crosses_minicolossus
Elf:2:    serial_shops, shop, shop, nicolae_shop_window_shopping, uniq_asterion
Elf:3:    minmay_elf_hall_hex, serial_shops, shop, uniq_donald
Vaults:1: dpeg_vaults_monster_row, v_pattern_4, nicolae_vaults_network_star,
          vaults_dpeg_encased_lava, ontoclasm_vaults_decontamination
Vaults:2: vaults_room_ringed_pool, ontoclasm_vaults_bender,
          minmay_crypt_entry_simple_corners, grunt_vaults_diagonal, v_rooms_6,
          v_misc_23, grunt_vaults_hallway_short, ontoclasm_vaults_fault,
          vaults_mumra_hexcomb, nicolae_vaults_big_ls,
          nicolae_vaults_mini_display_case, serial_shops, shop, uniq_mara,
          uniq_sojobo
Vaults:3: hangedman_vaults_stream, vaults_room_grunt_arrival_checkpoint,
          nicolae_vaults_network_square, v_misc_13, hangedman_vaults_snaps,
          nicolae_vaults_what_the_h, st_lines,
          hangedman_vaults_stretched_pinwheel, v_pattern_5,
          nicolae_vaults_theta, basic_altar
Vaults:4: gammafunk_vaults_ghost_cemetery, vaults_room_boxed,
          vaults_standard_mumra_lines, vaults_dpeg_ring, v_misc_10,
          ontoclasm_vaults_tryst, hangedman_vaults_stretched_pinwheel,
          vaults_mumra_hex, vaults_mumra_minichess, hangedman_vaults_trim,
          vaults_room_grid, uniq_jory
Abyss:3:  due_evilmike_abyss_rune_seething_liches, evilmike_abyss_exit_3
Abyss:4:  hangedman_steaming_rock, nicolae_abyss_rune_star_stuff
Bailey:   bailey_axe_2, bailey
Volcano:  kennysheep_volcano_temple

Skill      XL: |  1  2  3  4  5  6  7  8  9 10 11 12 13 14 15 16 17 18 19 20 21 22 |
---------------+-------------------------------------------------------------------+-----
Conjurations   | 1 2 3 4 5 6 7 8 9 10 11 12 | 12.4
Ice Magic      | 4 5 6 7 8 9 10 11 12 13 14 15 | 15.9
Spellcasting   | 3 4 5 6 7 11 12 13 14 15 16 | 16.2
Summonings     | 1 3 4 5 8 9 10 11 12 | 12.0
Dodging        | 4 5 7 8 11 | 11.0
Fighting       | 2 3 5 6 7 8 10 12 13 14 15 16 | 16.2
Evocations     | 1 3 4 5 7 8 |  8.9
Shields        | 2 4 5 6 8 9 10 | 10.6
Hexes          | 3 5 6 |  6.0
Armour         | 2 3 4 |  4.0
Air Magic      | 1 2 |  2.0
Staves         | 2 5 7 9 10 11 | 11.1
Translocations | 4 7 8 |  8.2
Stealth        | |  2.1

Action                   |  1- 3 |  4- 6 |  7- 9 | 10-12 | 13-15 | 16-18 | 19-21 | 22-24 || total
-------------------------+-------+-------+-------+-------+-------+-------+-------+-------++-------
Melee: Unarmed           |     1 |       |       |       |       |       |       |       ||     1
       Dagger            |     5 |    11 |       |       |    10 |       |       |       ||    26
       Trident           |       |    15 |       |       |       |       |       |       ||    15
       Staff             |       |       |    67 |     8 |    30 |   112 |   423 |    88 ||   728
       Rapier            |       |       |    51 |   144 |   110 |       |       |       ||   305
       Tailslap          |       |       |       |       |       |     7 |       |       ||     7
 Fire: Blowgun           |     6 |    70 |     3 |       |     4 |       |       |       ||    83
Throw: Stone             |    16 |       |     1 |     1 |       |       |       |       ||    18
       Javelin           |     2 |       |    22 |    17 |     2 |       |       |       ||    43
       Tomahawk          |       |       |       |    13 |    12 |     2 |       |       ||    27
 Cast: Freeze            |    20 |    27 |    77 |    80 |   102 |    89 |    12 |       ||   407
       Throw Frost       |    26 |    30 |   119 |   158 |   109 |    83 |    45 |     1 ||   571
       Throw Icicle      |       |       |    81 |   106 |   178 |   373 |   716 |   116 ||  1570
       Summon Ice Beast  |       |       |     1 |    47 |   421 |   397 |    27 |    12 ||   905
       Dazzling Spray    |       |       |       |       |    17 |     5 |       |       ||    22
       Tukima's Dance    |       |       |       |       |     8 |     7 |       |     1 ||    16
       Summon Butterflie |       |       |       |       |    12 |       |       |       ||    12
       Ozocubu's Refrige |       |       |       |       |    35 |    21 |     1 |       ||    57
       Bolt of Cold      |       |       |       |       |    30 |   137 |     2 |       ||   169
       Summon Lightning  |       |       |       |       |       |   133 |    33 |     8 ||   174
       Freezing Cloud    |       |       |       |       |       |     5 |    46 |    20 ||    71
       Shadow Creatures  |       |       |       |       |       |       |     4 |     5 ||     9
       Blink             |       |       |       |       |       |       |       |     4 ||     4
Invok: Divine Energy     |       |       |       |     1 |       |     1 |       |       ||     2
       Stop Divine Energ |       |       |       |       |       |     1 |       |       ||     1
 Abil: Evoke Blink       |       |       |       |       |     1 |       |       |       ||     1
Evoke: Wand              |       |       |       |     9 |    23 |     8 |    14 |       ||    54
       Box of beasts     |       |       |       |       |       |       |     5 |       ||     5
       Phantom mirror    |       |       |       |       |       |       |     1 |       ||     1
       Sack of spiders   |       |       |       |       |       |       |     5 |       ||     5
  Use: Scroll            |       |     8 |     4 |    10 |    29 |    16 |    16 |     1 ||    84
       Potion            |       |       |       |     8 |     4 |     9 |       |     4 ||    25
 Stab: Paralysed         |       |       |       |    20 |     1 |       |     9 |       ||    30
       Sleeping          |       |       |       |     2 |     1 |       |       |     1 ||     4
       Distracted        |       |       |       |     1 |     3 |     1 |     2 |       ||     7
  Eat: Chunk             |     5 |     7 |    18 |    26 |    46 |    87 |    64 |    13 ||   266
       Ration            |       |       |     5 |     4 |    14 |    14 |     1 |     1 ||    39
Armor: Robe              |     5 |     6 |    65 |    12 |       |     7 |       |    11 ||   106
       Skin              |       |     9 |       |       |       |       |       |       ||     9
       Leather armour    |       |       |       |    47 |    77 |   158 |   127 |    20 ||   429
       Ring mail         |       |       |       |       |       |    13 |       |       ||    13
Dodge: Dodged            |    11 |    28 |   176 |   207 |   366 |   646 |   633 |   156 ||  2223
Block: Buckler           |       |       |     8 |    80 |   163 |   303 |       |       ||   554
       Shield            |       |       |       |       |       |     3 |   505 |   153 ||   661
       Reflection        |       |       |       |       |       |       |    30 |    27 ||    57

Table legend:
 A = Non-vault XP
 B = Vault XP
 C = Vault XP percentage of total XP
 D = Non-vault monster count
 E = Vault monster count
 F = Vault count percentage of total count
                 A         B        C        D         E       F
            +---------+---------+-------+---------+---------+-------
      Total |  321430 |  327023 |  50.4 |     984 |     701 |  41.6
            +---------+---------+-------+---------+---------+-------
        D:1 |      26 |       0 |   0.0 |      13 |       0 |   0.0
        D:2 |      42 |       0 |   0.0 |      14 |       0 |   0.0
        D:3 |     231 |      33 |  12.5 |      20 |       1 |   4.8
        D:4 |     715 |       0 |   0.0 |      25 |       0 |   0.0
        D:5 |     800 |      61 |   7.1 |      34 |       6 |  15.0
        D:6 |     581 |     169 |  22.5 |      11 |       1 |   8.3
        D:7 |     960 |    1784 |  65.0 |      26 |      18 |  40.9
        D:8 |     624 |      15 |   2.3 |      23 |       1 |   4.2
        D:9 |     734 |     166 |  18.4 |       5 |       4 |  44.4
       D:10 |    3948 |    5331 |  57.5 |      33 |      33 |  50.0
       D:11 |    1133 |    3826 |  77.2 |      16 |       7 |  30.4
       D:12 |    6840 |    4889 |  41.7 |      46 |      14 |  23.3
       D:13 |    5746 |    6149 |  51.7 |      25 |      18 |  41.9
       D:14 |   10053 |    1784 |  15.1 |      46 |       6 |  11.5
       D:15 |    7461 |    6602 |  46.9 |      30 |       8 |  21.1
     Lair:1 |    2181 |    2707 |  55.4 |      14 |      12 |  46.2
     Lair:2 |    2191 |     187 |   7.9 |       8 |       1 |  11.1
     Lair:3 |    2573 |       0 |   0.0 |      13 |       0 |   0.0
     Lair:4 |    4227 |     579 |  12.0 |      19 |      11 |  36.7
     Lair:5 |    6217 |    1686 |  21.3 |      22 |       6 |  21.4
     Lair:6 |   10212 |    3595 |  26.0 |      26 |      14 |  35.0
   Shoals:1 |    9327 |    3006 |  24.4 |      20 |       9 |  31.0
   Shoals:2 |   12788 |       0 |   0.0 |      26 |       0 |   0.0
   Shoals:3 |   13424 |    2288 |  14.6 |      25 |       3 |  10.7
   Shoals:4 |   11681 |   21529 |  64.8 |      28 |      32 |  53.3
    Snake:1 |    6382 |       0 |   0.0 |      15 |       0 |   0.0
    Snake:2 |    7697 |       0 |   0.0 |      15 |       0 |   0.0
    Snake:3 |   13118 |    4378 |  25.0 |      31 |      10 |  24.4
    Snake:4 |   12172 |   31252 |  72.0 |      30 |      71 |  70.3
      Orc:1 |     602 |    3324 |  84.7 |      16 |      55 |  77.5
      Orc:2 |    1828 |   10243 |  84.9 |      17 |      52 |  75.4
      Elf:1 |   12201 |    8949 |  42.3 |      22 |      20 |  47.6
      Elf:2 |   13816 |   27272 |  66.4 |      23 |      31 |  57.4
      Elf:3 |    9376 |   48377 |  83.8 |      15 |      37 |  71.2
   Vaults:1 |   26961 |   11861 |  30.6 |      52 |      16 |  23.5
   Vaults:2 |   19141 |   34439 |  64.3 |      42 |      41 |  49.4
   Vaults:3 |   20456 |   29470 |  59.0 |      23 |      57 |  71.2
   Vaults:4 |   25088 |   46658 |  65.0 |      46 |      58 |  55.8
   Vaults:5 |    1689 |       0 |   0.0 |       1 |       0 |   0.0
    Abyss:2 |   16048 |       0 |   0.0 |      24 |       0 |   0.0
    Abyss:3 |   14004 |    1175 |   7.7 |      32 |       3 |   8.6
    Abyss:4 |    6136 |     539 |   8.1 |      12 |       3 |  20.0
     Bailey |       0 |     825 | 100.0 |       0 |      34 | 100.0
    Volcano |       0 |    1875 | 100.0 |       0 |       8 | 100.0
            +---------+---------+-------+---------+---------+-------
